 Dungeon Crawl Stone Soup version 0.30.1-3-gfc49f6343a (webtiles) character file.

Game seed: 6372258827838441708

40569 monsoonserge the Peltast (level 13, -3/116 HPs)
             Began as a Minotaur Fighter on Aug 6, 2023.
             Was an Initiate of Gozag.
             Slain by a demonic crawler (5 damage)
             ... on level 1 of the Spider Nest.
             The game lasted 00:48:10 (16584 turns).

monsoonserge the Peltast (Minotaur Fighter)        Turns: 16584, Time: 00:48:11

Health: -3/116     AC: 14    Str: 27    XL:     13   Next: 75%
Magic:  12/12      EV: 13    Int:  6    God:    Gozag
Gold:   3396       SH: 18    Dex: 13    Spells: 12/12 levels left

rFire   . . .        i - +5 trident "Ecvyel" {venom, +Blink rN+ Will++ Stlth-}
rCold   . . .        H - +0 tower shield
rNeg    + . .        b - +0 swamp dragon scales
rPois   +            (helmet unavailable)
rElec   .            D - +0 cloak
rCorr   .            Q - +0 pair of gloves of the Winnowing Gods {Fly Will- Dex+3}
SInv    +            s - +0 pair of boots
Will    ++...        U - amulet of magic regeneration
Stlth   +            O - ring of willpower
HPRegen 0.39/turn    T - ring of see invisible
MPRegen 0.53/turn

%: no passive effects
@: gold aura, flying, invisible
A: horns 3, retaliatory headbutt, see invisible, strong 1, subdued magic 1
a: Renounce Religion, Evoke Blink, Potion Petition, Call Merchant, Bribe Branch


You were on level 1 of the Spider Nest.
You worshipped Gozag.
Gozag was most pleased with you.
You visited 5 branches of the dungeon, and saw 16 of its levels.

You collected 3494 gold pieces.
You paid 98 gold pieces to Gozag.

Inventory:

Hand Weapons
 i - the +5 trident "Ecvyel" (weapon) {venom, +Blink rN+ Will++ Stlth-}
   (You found it on level 2 of the Dungeon)

   rN:        It protects you from negative energy.
   +Blink:    It lets you blink.
   Will:      It greatly increases your willpower.
   Stlth:     It makes you less stealthy.
Missiles
 d - a boomerang (quivered)
 u - 15 poisoned darts
 R - a throwing net
Armour
 b - +0 swamp dragon scales (worn)
 s - a +0 pair of boots (worn)
 D - a +0 cloak (worn)
 H - a +0 tower shield (worn)
 Q - the +0 pair of gloves of the Winnowing Gods (worn) {Fly Will- Dex+3}
   (You found it on level 1 of the Lair of Beasts)

   Dex:       It affects your dexterity (+3).
   Fly:       It grants you flight.
   Will:      It decreases your willpower.
 X - a +1 plate armour of willpower
Magical Staves
 F - a staff of earth
 W - a staff of death
Jewellery
 J - a ring of flight
 L - a ring of fire
 O - a ring of willpower (left hand)
 T - a ring of see invisible (right hand)
 U - an amulet of magic regeneration (around neck)
Wands
 t - a wand of iceblast (6)
 y - a wand of paralysis (10)
 G - a wand of flame (38)
 I - a wand of acid (37)
 S - a wand of polymorph (2)
Scrolls
 e - 6 scrolls of enchant armour {unknown}
 f - 3 scrolls of magic mapping {unknown}
 g - 4 scrolls of amnesia {unknown}
 h - 13 scrolls of identify {unknown}
 j - 5 scrolls of fog {unknown}
 m - 4 scrolls of immolation {unknown}
 n - 7 scrolls of fear {unknown}
 x - 3 scrolls of poison {unknown}
 z - a scroll of acquirement {unknown}
 A - 5 scrolls of teleportation
 B - 2 scrolls of vulnerability {unknown}
 C - a scroll of blinking {unknown}
 E - 3 scrolls of brand weapon {unknown}
 M - a scroll of silence {unknown}
 V - a scroll of torment {unknown}
Potions
 a - 4 potions of heal wounds {unknown}
 c - 5 potions of curing
 k - 3 potions of mutation
 l - 3 potions of flight {unknown}
 o - 2 potions of attraction {unknown}
 p - 3 potions of invisibility
 q - 2 potions of brilliance
 r - 2 potions of haste {unknown}
 v - 3 potions of lignification
 w - 4 potions of resistance
 K - 2 potions of might
 N - 2 potions of magic {unknown}
 P - a potion of ambrosia {unknown}
Miscellaneous
 Y - a phial of floods


   Skills:
 + Level 11.5 Fighting
 + Level 2.5(9.3) Axes
 - Level 13.8(14.0) Polearms
 + Level 2.2 Throwing
 + Level 10.6 Armour
 + Level 7.6 Dodging
 - Level 3.0 Stealth
 + Level 15.3 Shields
 + Level 8.0 Evocations


You had 12 spell levels left.
You didn't know any spells.
Your spell library contained the following spells:

 Spells                   Type           Power      Damage    Failure   Level
 Apportation              Tloc           0%         N/A       80%         1
 Alistair's Intoxication  Tmut/Pois      0%         N/A       100%        5


Dungeon Overview and Level Annotations

Branches:
Dungeon (8/15)             Temple (1/1) D:4            Lair (5/5) D:8
 Shoals (0/4) Lair:2       Spider (1/4) Lair:2        Slime (1/5) Lair:4

Altars:
Ashenzari
Cheibriados
Dithmenos
Elyvilon
Fedhas
Gozag
Hepliaklqana
Makhleb
Nemelex Xobeh
Okawaru
Qazlal
Ru
Sif Muna
Trog
Uskayaw
Vehumet
Wu Jian
Xom
Zin
The Shining One
Jiyva

Annotations:
D:8 2 transporters, jujuben's ghost, novice HuHu
Lair:3 1 transporter


Innate Abilities, Weirdness & Mutations

You have a pair of large horns on your head.
You reflexively headbutt those who attack you in melee.
You have supernaturally acute eyesight. (SInv)
Your muscles are strong. (Str +4, Int/Dex -1)
Your spells are a little easier to cast, but a little less powerful.


Message History

Aiming: Corrosive Bolt
Press: ? - help, Shift-Dir - straight line, f - jumping spider, p - tarantella
Aim: a jumping spider (67% to hit)
The bolt of acid hits the demonic crawler!
The acid corrodes the demonic crawler!
The demonic crawler is lightly wounded.
The bolt of acid hits the tarantella!
The acid corrodes the tarantella!
The tarantella is heavily wounded.
The bolt of acid hits the jumping spider!!
The acid corrodes the jumping spider!
The jumping spider is severely wounded.
The tarantella is distracted by your dazzling golden aura.
The demonic crawler barely misses you. You block the demonic crawler's attack.
The demonic crawler closely misses you. You block the wolf spider's attack.
The wolf spider closely misses you.
The jumping spider leaps!
The broodmother bites you!!
* * * LOW HITPOINT WARNING * * *
You block the demonic crawler's attack. The demonic crawler hits you!
* * * LOW HITPOINT WARNING * * *
The demonic crawler hits you.
* * * LOW HITPOINT WARNING * * *
The tarantella's many legs skitter faintly.
Okay, then.
It was a potion of mutation.
You feel extremely strange.
Your vision sharpens.
The horns on your head grow some more.
Your connection to magic feels subdued.
You feel stronger. The wolf spider closely misses you.
The wolf spider bites you but does no damage.
You block the broodmother's attack.
The demonic crawler hits you but does no damage.
The demonic crawler closely misses you. The demonic crawler hits you!
* * * LOW HITPOINT WARNING * * *
You block the wolf spider's attack. The wolf spider misses you.
Okay, then.
It was a potion of invisibility.
You fade into invisibility!
The wolf spider closely misses you. You block the wolf spider's attack.
You block the broodmother's attack. The demonic crawler hits you.
You die...
Your body crumbles into a pile of gold.

#######.....#
#..........##
#......#..^###
....#...##..##.## .
.###...#......#
#.....#....####
#.....#.......###
####..#.#....##.#
#^@s..###..#....#
##ss...#...#....#
.....$ss#...#...###.##
.###....#...#.....###
#..s...##..#..#....##
##......
..#..#.#...###
$...#...
..#..####....#
##..^##>.
#.#...#......# ...°
#... ##...#..#.#.#


You could see a broodmother (unable to see you, very poisoned, corroded), a
demonic crawler (corroded), a wolf spider (unable to see you, corroded), a
jumping spider (unable to see you, corroded) and 2 tarantellas.

Vanquished Creatures
  3 hydras
  9 death yaks
  Nergalle (Lair:2)
  A skyshark (Lair:5)
  A lindwurm (Lair:5)
  A wolf spider (Spider:1)
  4 elephants
  A merfolk siren (Lair:2)
  7 black mambas
  7 cane toads
  Maggie (D:6)
  A rime drake (Lair:2)
  6 komodo dragons
  7 polar bears
  7 hornets
  12 blink frogs
  4 tarantellas (Spider:1)
  5 dream sheep (Lair:3)
  Grinder (D:3)
  2 slime creatures (Lair:4)
  7 jumping spiders (Spider:1)
  Sigmund (D:6)
  13 spriggans (Lair:5)
  2 wyverns
  27 yaks
  2 fire bats (Lair:3)
  6 basilisks
  2 redbacks
  2 steam dragons
  8 water moccasins
  2 orc warriors
  3 ice beasts
  An ogre (D:5)
  4 black bears
  39 wolves
  3 boggarts (Lair:5)
  2 centaurs
  3 phantoms
  6 bullfrogs
  2 gnoll sergeants
  A scorpion (D:5)
  2 electric eels
  3 howler monkeys (D:7)
  5 hounds
  A jelly (D:4)
  A gnoll bouda (D:5)
  3 orc priests
  A sleepcap (D:8)
  6 iguanas
  3 orc wizards (D:7)
  11 hell rats
  A hound skeleton (D:4)
  18 gnolls
  4 adders
  2 ufetubi (D:5)
  2 adder skeletons (D:4)
  5 worms
  3 dart slugs
  16 orcs
  6 endoplasms
  4 giant cockroaches
  9 goblins
  4 hobgoblins
  13 kobolds
  5 quokkas
  9 ball pythons
  8 bats
  3 frilled lizards
  6 rats
371 creatures vanquished.

Vanquished Creatures (others)
  An adder (D:6)
1 creature vanquished.

Grand Total: 372 creatures vanquished

Notes
Turn   | Place    | Note
-------+----------+-------------------------------------------
     0 | D:1      | monsoonserge the Minotaur Fighter began the quest for the
                  | Orb.
     0 | D:1      | Reached XP level 1. HP: 19/19 MP: 0/0
    33 | D:1      | You fall into a shaft and drop 1 floor!
    85 | D:2      | Identified the +5 trident "Ecvyel" {venom, +Blink rN+
                  | Will++ Stlth-}
   123 | D:2      | Reached XP level 2. HP: 27/27 MP: 1/1
   318 | D:1      | Reached skill level 4 in Shields
   348 | D:1      | Reached XP level 3. HP: 32/33 MP: 2/2
   483 | D:1      | Reached skill level 1 in Evocations
   846 | D:2      | Found a shimmering altar of Xom.
   852 | D:2      | Reached skill level 1 in Polearms
   925 | D:2      | Found a faded altar of an unknown god.
  1120 | D:2      | Reached XP level 4. HP: 40/40 MP: 3/3
  1346 | D:3      | Found an iron altar of Okawaru.
  1351 | D:3      | Found a broken altar of Ashenzari.
  1351 | D:3      | Noticed a black bear
  1355 | D:3      | Killed a black bear
  1356 | D:3      | Reached XP level 5. HP: 39/47 MP: 4/4
  1743 | D:3      | Noticed Grinder
  1754 | D:3      | Killed Grinder
  1755 | D:3      | Reached XP level 6. HP: 45/53 MP: 5/5
  2088 | D:4      | Reached skill level 5 in Polearms
  2113 | D:4      | Found a blossoming altar of Fedhas.
  2223 | D:4      | Reached skill level 1 in Dodging
  2283 | D:4      | Found a staircase to the Ecumenical Temple.
  2317 | Temple   | Entered the Ecumenical Temple
  2504 | Temple   | Became a worshipper of Gozag Ym Sagoz the Greedy
  2579 | D:4      | Reached XP level 7. HP: 60/60 MP: 6/6
  2868 | D:4      | Found a snail-covered altar of Cheibriados.
  2928 | D:4      | Reached skill level 5 in Armour
  3133 | D:5      | Entered Level 5 of the Dungeon
  3225 | D:5      | Reached skill level 5 in Fighting
  3524 | D:5      | Reached XP level 8. HP: 43/68 MP: 7/7
  3644 | D:5      | Reached skill level 5 in Shields
  3839 | D:5      | Identified the +1 leather armour of the Terrible God
                  | {Contam rElec rPois SInv}
  4032 | D:5      | Reached skill level 1 in Stealth
  4426 | D:6      | Noticed Sigmund
  4426 | D:6      | Noticed Maggie
  4530 | D:6      | Reached skill level 6 in Shields
  4617 | D:6      | Killed Maggie
  4618 | D:6      | Reached XP level 9. HP: 55/75 MP: 8/8
  4711 | D:6      | Killed Sigmund
  5221 | D:7      | Found a glowing silver altar of Zin.
  5260 | D:7      | Reached skill level 5 in Evocations
  5789 | D:8      | Found a transporter.
  5789 | D:8      | Found a transporter.
  5828 | D:7      | Reached skill level 7 in Shields
  5989 | D:7      | HP: 2/78 [yak (9)]
  6292 | D:8      | Noticed a skeletal warrior
  6293 | D:8      | Noticed jujuben's ghost (novice HuHu)
  6300 | D:8      | Found a transporter.
  6303 | D:8      | Found a transporter.
  6438 | D:8      | Reached XP level 10. HP: 81/84 MP: 9/9
  6540 | D:8      | Reached skill level 10 in Polearms
  6596 | D:8      | Found a staircase to the Lair.
  6696 | D:8      | Reached skill level 8 in Shields
  6850 | Lair:1   | Entered Level 1 of the Lair of Beasts
  7080 | Lair:1   | Noticed a cane toad
  7090 | Lair:1   | Killed a cane toad
  7131 | Lair:1   | Noticed a cane toad
  7141 | Lair:1   | Killed a cane toad
  7148 | Lair:1   | Identified the +0 pair of gloves of the Winnowing Gods {Fly
                  | Will- Dex+3}
  7869 | Lair:2   | Noticed a cane toad
  7909 | Lair:2   | Killed a cane toad
  7942 | Lair:2   | Found a hole to the Spider Nest.
  7950 | Lair:2   | Reached skill level 9 in Shields
  8041 | Lair:2   | Reached XP level 11. HP: 30/92 MP: 10/10
  8057 | Lair:2   | Noticed Nergalle
  8245 | Lair:3   | Reached skill level 1 in Throwing
  8257 | Lair:3   | Reached skill level 10 in Shields
  8603 | Lair:2   | Killed Nergalle
  9401 | Lair:2   | Found a staircase to the Shoals.
  9800 | Lair:3   | Found a transporter.
  9860 | Lair:3   | Reached skill level 11 in Shields
  9975 | Lair:3   | Found a transporter.
 10558 | Lair:3   | Reached XP level 12. HP: 79/102 MP: 11/11
 10660 | Lair:3   | Identified the +1 robe "Ysotu" {rF+ Int+2 Dex+2}
 10885 | Lair:3   | Noticed a death yak
 10885 | Lair:3   | Noticed a death yak
 10885 | Lair:3   | Noticed a death yak
 10886 | Lair:3   | Noticed a death yak
 10886 | Lair:3   | Noticed a death yak
 10886 | Lair:3   | Noticed a death yak
 10896 | Lair:3   | Killed a death yak
 10897 | Lair:3   | Killed a death yak
 10904 | Lair:3   | Killed a death yak
 10920 | Lair:3   | Killed a death yak
 10932 | Lair:3   | Killed a death yak
 10933 | Lair:3   | Reached skill level 12 in Shields
 10943 | Lair:3   | Killed a death yak
 11363 | Lair:4   | Found a viscous altar of Jiyva.
 11365 | Lair:4   | Found a staircase to the Slime Pits.
 12209 | Lair:5   | Entered Level 5 of the Lair of Beasts
 12209 | Lair:5   | Noticed an eight-headed hydra
 12235 | Slime:1  | Entered Level 1 of the Pits of Slime
 12415 | Lair:5   | Reached skill level 10 in Fighting
 12415 | Lair:5   | Reached skill level 10 in Armour
 12643 | Lair:4   | Reached skill level 13 in Shields
 12647 | Lair:4   | Reached skill level 5 in Dodging
 12934 | Lair:4   | Killed an eight-headed hydra
 13626 | Lair:5   | Reached XP level 13. HP: 113/114 MP: 12/12
 13975 | Lair:5   | Reached skill level 14 in Shields
 15941 | Lair:3   | Reached skill level 15 in Shields
 16247 | Spider:1 | Entered Level 1 of the Spider Nest
 16569 | Spider:1 | Noticed a broodmother
 16583 | Spider:1 | Gained mutation: You have supernaturally acute eyesight.
                  | (SInv) [potion of mutation]
 16583 | Spider:1 | Gained mutation: You have a pair of large horns on your
                  | head. [potion of mutation]
 16583 | Spider:1 | Gained mutation: Your spells are a little easier to cast,
                  | but a little less powerful. [potion of mutation]
 16583 | Spider:1 | Gained mutation: Your muscles are strong. (Str +4, Int/Dex
                  | -1) [potion of mutation]
 16583 | Spider:1 | HP: 2/116 [demonic crawler (10)]
 16584 | Spider:1 | Slain by a demonic crawler

Illustrated notes

Levels and vault maps discovered:
D:1:      tarquinn_simple_flora_water_d, layout_basic
D:2:      layout_rooms, hellmonk_ecumenical_altar_lost_god, basic_altar,
          grunt_ministairs_5
D:3:      layout_loops_ring, nicolae_ashenzari_panopticon, okawaru_trees_2,
          uniq_grinder
D:4:      layout_basic, mainiacjoe_overflow_24_doors, amcnicky_altar_gilded,
          minmay_temple_entry_butterflies, serial_undead, serial_undead_b,
          serial_undead_f, serial_undead_e, serial_undead_e
D:5:      layout_loops_cross, kennysheep_generic_room_10
D:6:      layout_basic, hangedman_abyss_or_decor_passed, uniq_sigmund,
          uniq_maggie
D:7:      layout_rooms, zin_treasury, nrook_campfire, minmay_liquid_box
D:8:      layout_cave_pools, lair_entry_dummy, gammafunk_ghost_arena,
          nicolae_diode_stairs
Temple:   regret_index_temple_generic_petals
Lair:1:   layout_roguey, chequers_serial_rivers_large_a
Lair:2:   layout_long_grid, minmay_shoals_entry_lonely_mermaid,
          spider_nest_entry_rubble, minmay_stone_trees_small,
          grunt_megastairs_5, uniq_nergalle
Lair:3:   gammafunk_cloud_chamber, layout_layer_cave, infiniplex_staircase_pool
Lair:4:   layout_hall_layers, slime_entry_1, serial_bayou_shore_b
Lair:5:   minmay_lair_end_enchanted_forest, layout_hall_layers,
          chequers_serial_rivers_small_3, nicolae_quartered_pool_medium
Spider:1: layout_spider_delve, spiders_nest_hornet_nest, uniq_aizul
Slime:1:  layout_caves

Skill      XL: |  1  2  3  4  5  6  7  8  9 10 11 12 13 |
---------------+----------------------------------------+-----
Armour         | 4 5 6 7 8 9 10 | 10.6
Shields        | 4 6 7 9 11 13 15 | 15.3
Fighting       | 4 5 6 7 8 10 11 | 11.5
Evocations     | 1 2 3 4 5 6 7 8 |  8.0
Polearms       | 1 3 4 5 6 8 9 11 13 | 13.8
Dodging        | 1 2 3 5 7 |  7.6
Stealth        | 1 2 3 |  3.0
Throwing       | 1 2 |  2.2
Axes           | |  2.5

Action                     |  1- 3 |  4- 6 |  7- 9 | 10-12 | 13-15 || total
---------------------------+-------+-------+-------+-------+-------++-------
  Melee: War axe           |     9 |       |       |       |       ||     9
         Headbutt          |     4 |    11 |    26 |   132 |    70 ||   243
         Trident           |    79 |    79 |   239 |   605 |   349 ||  1351
  Throw: Boomerang         |       |       |     1 |     8 |     7 ||    16
Ability: Evoke Blink       |       |       |       |     1 |       ||     1
  Evoke: Wand              |       |       |       |     1 |     2 ||     3
    Use: Potion            |       |       |     3 |     1 |     3 ||     7
         Scroll            |       |       |       |       |     3 ||     3
   Stab: Distracted        |       |       |     2 |     2 |     1 ||     5
 Armour: Scale mail        |    25 |    22 |    54 |       |       ||   101
         Skin              |       |       |     9 |       |       ||     9
         Chain mail        |       |       |     1 |       |       ||     1
         Swamp dragon scal |       |       |    37 |   147 |    81 ||   265
  Dodge: Dodged            |    23 |    26 |    56 |   166 |    92 ||   363
  Block: Buckler           |    17 |    11 |     1 |       |       ||    29
         Tower shield      |       |       |   146 |   466 |   293 ||   905
